 Dungeon Crawl Stone Soup version 0.30-a0-757-ga6a79fd877 (webtiles) character file.

Game seed: 3644901668882696767

36127 BigDaddyOpFi the Apostle (level 13, -2/122 HPs)
             Began as a Hill Orc Fighter on Feb 9, 2023.
             Was a High Priest of Beogh.
             Slain by an 11-headed hydra (8 damage)
             ... on level 4 of the Lair of Beasts.
             The game lasted 00:25:21 (17305 turns).

BigDaddyOpFi the Apostle (Hill Orc Fighter)        Turns: 17305, Time: 00:25:21

Health: -2/122     AC: 26    Str: 30    XL:     13   Next: 88%
Magic:  21/22      EV: 12    Int: 11    God:    Beogh [*****.]
Gold:   782        SH: 13    Dex: 10    Spells: 12/12 levels left

rFire   + . .      SeeInvis .    d - +5 war axe of Ignis's Castigation {venom, rC+ Will+ rCorr}
rCold   + . .      Faith    .    B - +2 kite shield
rNeg    + . .      Spirit   .    C - +7 plate armour of the Game Afoot {+Blink rF+ rN+ Int+3}
rPois   .          Reflect  .    x - +1 helmet
rElec   .          Harm     .    i - +0 cloak
rCorr   +          Rampage  .    (no gloves)
Will    +....                    (no boots) Stlth
                                 v - amulet of regeneration
HPRegen 1.20/turn                D - +6 ring of strength
MPRegen 0.18/turn                l - +5 ring of evasion

@: mighty
A: walk on water
a: Renounce Religion, Evoke Blink, Smiting, Recall Orcish Followers, Give Item
to Named Follower


You were on level 4 of the Lair of Beasts.
You worshipped Beogh.
Beogh was extremely pleased with you.
You visited 2 branches of the dungeon, and saw 14 of its levels.
You also visited: Bailey.

You collected 1761 gold pieces.
You spent 979 gold pieces at shops.

Inventory:

Hand Weapons
 a - a +2 war axe of electrocution
 d - the +5 war axe of Ignis's Castigation (weapon) {venom, rC+ Will+ rCorr}
   (You found it on level 8 of the Dungeon)

   rC:        It protects you from cold.
   rCorr:     It protects you from acid and corrosion.
   Will:      It increases your willpower.
 y - the +1 war axe "Quolir" {drain, Drain +Blink Fly rF+}
   (You bought it in a shop on level 4 of the Dungeon)

   rF:        It protects you from fire.
   Fly:       It grants you flight.
   +Blink:    It lets you blink.
   Drain:     It drains your maximum health when unequipped.
 A - the +5 spear of the Orcish Mines {antimagic, Int+5}
   (You found it on level 5 of the Dungeon)

   Int:       It affects your intelligence (+5).
 K - a +5 trident
Armour
 i - a +0 cloak (worn)
 x - a +1 helmet (worn)
 B - a +2 kite shield (worn)
 C - the +7 plate armour of the Game Afoot (worn) {+Blink rF+ rN+ Int+3}
   (You found it on level 6 of the Dungeon)

   Int:       It affects your intelligence (+3).
   rF:        It protects you from fire.
   rN:        It protects you from negative energy.
   +Blink:    It lets you blink.
Jewellery
 e - a ring of wizardry
 f - a ring of positive energy
 j - a ring of protection from cold
 l - a +5 ring of evasion (right hand)
 v - an amulet of regeneration (around neck)
 D - a +6 ring of strength (left hand)
 H - a +5 ring of evasion
Wands
 h - a wand of paralysis (4)
 E - a wand of mindburst (10)
 L - a wand of acid (4) (quivered)
Scrolls
 c - 2 scrolls of fog
 m - 3 scrolls of immolation
 n - 2 scrolls of magic mapping
 o - 2 scrolls of amnesia
 p - a scroll of blinking
 t - 5 scrolls of identify
 u - a scroll of vulnerability
 F - a scroll of butterflies
 J - a scroll of enchant weapon
Potions
 g - 2 potions of degeneration
 r - 2 potions of attraction
 w - 4 potions of mutation
 z - a potion of magic {unknown}
 G - a potion of berserk rage
 I - 2 potions of might
Miscellaneous
 k - a lightning rod (4/4)
 M - a phial of floods


   Skills:
 + Level 13.2 Fighting
 + Level 10.7(12.2) Axes
 - Level 7.7(9.7) Polearms
 + Level 12.1 Armour
 + Level 12.2 Shields
 + Level 13.3 Invocations


You had 12 spell levels left.
You didn't know any spells.
Your spell library contained the following spells:

 Spells                   Type           Power      Damage    Failure   Level
 Freeze                   Ice            0%         1d3       99%         1
 Ensorcelled Hibernation  Hex/Ice        0%         N/A       100%        2
 Passwall                 Tmut/Erth      0%         N/A       100%        2
 Frozen Ramparts          Ice            0%         1d1       100%        3
 Hailstorm                Conj/Ice       0%         3d3       100%        3
 Inner Flame              Hex/Fire       0%         N/A       100%        3
 Swiftness                Air            0%         N/A       100%        3
 Cause Fear               Hex            0%         N/A       100%        4
 Ice Form                 Ice/Tmut       0%         N/A       100%        4
 Summon Ice Beast         Ice/Summ       0%         N/A       100%        4
 Alistair's Intoxication  Tmut/Pois      0%         N/A       100%        5
 Borgnjor's Vile Clutch   Necr/Erth      0%         N/A       100%        5
 Eringya's Noxious Bog    Tmut/Pois      0%         N/A       100%        6
 Discord                  Hex            0%         N/A       100%        8


Dungeon Overview and Level Annotations

Branches:
Dungeon (10/15)            Temple (0/1) D:6            Lair (4/5) D:9
  Swamp (0/4) Lair:2        Snake (0/4) Lair:3       Bailey (visited)
  Slime: Lair:4-5       Orc: D:9-12

Altars:
Ashenzari
Cheibriados
Dithmenos
Elyvilon
Fedhas
Gozag
Hepliaklqana
Kikubaaqudgha
Makhleb
Nemelex Xobeh
Okawaru
Qazlal
Ru
Sif Muna
Trog
Uskayaw
Vehumet
Wu Jian
Xom
Yredelemnul
Zin
The Shining One
Jiyva

Shops:
D:4 (=((   D:5 *   D:8 ?

Annotations:
D:5 2 transporters, Esekla's ghost, weakling OpDe
Lair:3 Nessos


Message History

You chop one of the nine-headed hydra's heads off!
The eight-headed hydra grows two more!
You slice the ten-headed hydra!!
The ten-headed hydra looks as sick as possible!
The ten-headed hydra is heavily wounded.
You slice the komodo dragon!!
The komodo dragon is poisoned.
You recover from your berserk rage.
You hear a croak.
The ten-headed hydra bites you but does no damage. x2
The ten-headed hydra closely misses you.
You block the ten-headed hydra's attack.
The ten-headed hydra bites you.
* * * LOW HITPOINT WARNING * * *
You block the ten-headed hydra's attack. x2
The ten-headed hydra bites you but does no damage. x3
The komodo dragon bites you but does no damage.
Your orc hits the komodo dragon but does no damage.
Lightning courses through the komodo dragon!
The komodo dragon dies!
Beogh accepts your kill.
Your orc looks more experienced.
Your orc priest hits the ten-headed hydra with a +0 club.
You lop one of the ten-headed hydra's heads off!
The nine-headed hydra grows two more!
You slash the 11-headed hydra!
The 11-headed hydra is heavily wounded.
The 11-headed hydra bites you but does no damage. x2
You block the 11-headed hydra's attack. The 11-headed hydra barely misses you.
You block the 11-headed hydra's attack.
The 11-headed hydra bites you but does no damage.
The 11-headed hydra bites you!
* * * LOW HITPOINT WARNING * * *
The 11-headed hydra bites you but does no damage. x2
You block the 11-headed hydra's attack.
The 11-headed hydra bites you but does no damage.
Your orc hits the 11-headed hydra with a +1 dagger of electrocution.
Your orc priest hits the 11-headed hydra with a +0 club.
The 11-headed hydra bites you.
* * * LOW HITPOINT WARNING * * *
The 11-headed hydra bites you but does no damage. x4
The 11-headed hydra barely misses you. The 11-headed hydra bites you!
You die...

..Fo.Do..............
...o....#.###........
........### .........
...#P.... #........
#####.....###
#.#...... #.#...####
##.......
#.P...#######
#...#P..#
#.P....#o...##
.........
#........D@†...#
.........
##.......†o.....# .
#.................
##.........>.#.#.#
#......).....## #
#...........##
#...........#
..........#


You could see a 11-headed hydra (extremely poisoned, ally target), a friendly
orc priest and a friendly orc.

Vanquished Creatures
  A hydra (Lair:3)
  A catoblepas (Lair:3)
  2 centaur warriors (D:8)
  2 two-headed ogres
  5 death yaks (Lair:2)
  Pikel (D:6)
  A deep elf pyromancer (D:8)
  5 elephants
  A torpor snail (Lair:4)
  3 black mambas
  2 cane toads
  A gargoyle (D:10)
  An unseen horror (D:8)
  An efreet (D:8)
  A rime drake (Lair:4)
  4 komodo dragons (Lair:2)
  2 hornets
  Grinder (D:6)
  A tyrant leech (Lair:2)
  A troll (D:8)
  5 blink frogs
  4 spriggans (Bailey)
  36 yaks
  A wraith (D:10)
  A wyvern (Lair:2)
  2 steam dragons
  Edmund (D:6)
  A naga (Lair:3)
  An acid dragon (D:10)
  3 water moccasins
  A sky beast (D:8)
  9 black bears
  4 ogres
  11 wolves (Lair:4)
  3 centaurs
  4 kobold brigands
  A phantom (D:5)
  2 necrophages
  6 bullfrogs
  4 scorpions
  18 killer bees
  4 jellies (D:9)
  3 orc priests
  3 hounds
  A gnoll bouda (D:3)
  3 iguanas
  2 orc wizards
  12 gnolls
  5 adders
  A white imp (D:8)
  An ufetubus (D:4)
  A dart slug (D:2)
  25 orcs
  9 endoplasms
  A giant cockroach (D:1)
  13 goblins
  5 hobgoblins
  4 quokkas
  9 ball pythons
  6 bats
  5 frilled lizards
  12 kobolds
  7 rats
  7 bushes (Lair:2)
294 creatures vanquished.

Vanquished Creatures (collateral kills)
  Gastronok (Lair:2)
  4 hydras (Lair:2)
  3 death yaks (Lair:2)
  The ghost of baller8008 the Thaumaturge, a novice DECj of Dithmenos (D:9)
  3 black mambas
  A torpor snail (Lair:2)
  5 cane toads
  A rime drake (Lair:1)
  4 komodo dragons
  A kobold demonologist (D:10)
  A polar bear (Lair:4)
  A hornet (Lair:2)
  A tyrant leech (Lair:2)
  4 blink frogs
  A wyvern (Lair:2)
  8 yaks
  A swamp worm (Lair:2)
  6 water moccasins
  14 wolves (Lair:4)
  2 kobold brigands (D:10)
  5 bullfrogs
  7 kobolds (D:10)
75 creatures vanquished.

Vanquished Creatures (others)
  An orc knight (Lair:3)
  An orc high priest (Lair:3)
  3 orc wizards
  2 orc priests
  An orc (D:10)
  A bush (Lair:2)
  34 fungi
  102 plants
145 creatures vanquished.

Grand Total: 514 creatures vanquished

Notes
Turn   | Place    | Note
-------+----------+-------------------------------------------
     0 | D:1      | BigDaddyOpFi the Hill Orc Fighter began the quest for the
                  | Orb.
     0 | D:1      | Reached XP level 1. HP: 19/19 MP: 1/1
   241 | D:1      | Reached XP level 2. HP: 27/27 MP: 2/2
   266 | D:1      | Found a faded altar of an unknown god.
   673 | D:1      | Reached XP level 3. HP: 30/33 MP: 3/3
  1124 | D:2      | Reached XP level 4. HP: 40/40 MP: 4/4
  1823 | D:3      | Reached XP level 5. HP: 24/47 MP: 5/5
  2155 | D:3      | Found a hazy altar of Hepliaklqana.
  2171 | D:3      | Found a stormy altar of Qazlal.
  2726 | D:4      | Found a sacrificial altar of Ru.
  2784 | D:4      | Found Reoqanuz's Jewellery Shoppe.
  2860 | D:4      | Found Yleups's Weapon Boutique.
  2923 | D:4      | Found an ancient bone altar of Kikubaaqudgha.
  2972 | D:4      | Found Veimargh's Antique Weapon Shop.
  3081 | D:4      | Bought a masterwork war axe for 187 gold pieces
  3081 | D:4      | Identified the +1 war axe "Quolir" {drain, Drain +Blink Fly
                  | rF+} (You bought it in a shop on level 4 of the Dungeon)
  3142 | D:4      | Reached skill level 5 in Fighting
  3142 | D:4      | Reached XP level 6. HP: 56/56 MP: 6/6
  3207 | D:4      | Became a worshipper of Beogh the Brigand
  3256 | D:4      | Found Fuleirom's Antique Weapon Shop.
  3445 | D:5      | Entered Level 5 of the Dungeon
  3445 | D:5      | Found a burning altar of Makhleb.
  3453 | D:5      | Reached skill level 5 in Axes
  3466 | D:5      | Identified the +5 spear of the Orcish Mines {antimagic,
                  | Int+5}
  3524 | D:5      | Found an opulent altar of Gozag.
  3526 | D:5      | Found Gozag's Platinum Reserve.
  3620 | D:5      | Reached skill level 1 in Invocations
  3895 | D:5      | Found a transporter.
  3941 | D:5      | Found a transporter.
  4005 | D:5      | Noticed Esekla's ghost (weakling OpDe)
  4008 | D:5      | Identified the +0 spear of Seox {venom, rF+}
  4040 | D:5      | Reached skill level 5 in Shields
  4085 | D:5      | Found an ornate altar of the Wu Jian Council.
  4089 | D:5      | Noticed a water moccasin
  4106 | D:5      | Killed a water moccasin
  4107 | D:5      | Reached skill level 1 in Polearms
  4107 | D:5      | Reached skill level 5 in Armour
  4107 | D:5      | Reached XP level 7. HP: 45/59 MP: 2/8
  4357 | D:5      | Reached * piety under Beogh
  4587 | D:6      | Found a snail-covered altar of Cheibriados.
  4608 | D:6      | Identified the +7 plate armour of the Game Afoot {+Blink
                  | rF+ rN+ Int+3}
  4644 | D:6      | Found a broken altar of Ashenzari.
  4661 | D:6      | Noticed Pikel
  4704 | D:6      | Killed Pikel
  4705 | D:6      | Reached XP level 8. HP: 57/71 MP: 3/11
  4963 | D:6      | Found a blossoming altar of Fedhas.
  5023 | D:6      | Noticed Grinder
  5038 | D:6      | Paralysed by Grinder for 5 turns
  5045 | D:6      | Killed Grinder
  5088 | D:6      | Reached skill level 5 in Invocations
  5165 | D:6      | Found a staircase to the Ecumenical Temple.
  5248 | D:6      | Reached XP level 9. HP: 64/79 MP: 4/12
  5269 | D:6      | Found a sparkling altar of Nemelex Xobeh.
  5326 | D:6      | Noticed Edmund
  5353 | D:6      | Killed Edmund
  5528 | D:6      | Noticed a hornet
  5550 | D:6      | Killed a hornet
  5768 | D:7      | Identified a scroll of acquirement
  5768 | D:7      | Acquired 752 gold pieces
  5992 | D:7      | Found a radiant altar of Vehumet.
  6032 | D:7      | Found a glowing golden altar of the Shining One.
  6128 | D:7      | Identified the +8 chain mail of Gudir {rN++ Will- SInv}
  6209 | D:7      | Found a flagged portal.
  6234 | Bailey   | Entered a bailey
  6265 | Bailey   | Reached skill level 5 in Polearms
  6641 | Bailey   | Noticed a two-headed ogre
  6666 | Bailey   | Killed a two-headed ogre
  6667 | Bailey   | Reached XP level 10. HP: 26/90 MP: 5/15
  7144 | D:7      | Found a shimmering blue altar of Sif Muna.
  7255 | D:7      | Found a glowing silver altar of Zin.
  7256 | D:7      | Found a white marble altar of Elyvilon.
  7455 | D:8      | Reached ** piety under Beogh
  7542 | D:8      | Noticed a deep elf pyromancer
  7592 | D:8      | Killed a deep elf pyromancer
  8323 | D:8      | Noticed a two-headed ogre
  8323 | D:8      | Noticed a centaur warrior
  8336 | D:8      | Killed a centaur warrior
  8337 | D:8      | Reached XP level 11. HP: 89/99 MP: 5/17
  8352 | D:8      | Killed a two-headed ogre
  8353 | D:8      | Reached skill level 10 in Fighting
  8441 | D:8      | Noticed a centaur warrior
  8456 | D:8      | Reached *** piety under Beogh
  8483 | D:8      | Killed a centaur warrior
  8718 | D:8      | Identified the +5 war axe of Ignis's Castigation {venom,
                  | rC+ Will+ rCorr}
  8840 | D:8      | Found Goaham's Magic Scroll Shoppe.
  9299 | D:4      | Bought a +5 ring of evasion for 396 gold pieces
  9299 | D:4      | Bought a +6 ring of strength for 396 gold pieces
  9691 | D:9      | Found a bloodstained altar of Trog.
  9720 | D:9      | Found a viscous altar of Jiyva.
  9817 | D:9      | Gained Harm as an ally
  9817 | D:9      | Gained Thorok as an ally
  9822 | D:9      | Your ally Harm died
  9835 | D:9      | Reached skill level 10 in Invocations
 10152 | D:9      | Found a staircase to the Lair.
 10198 | D:9      | Found a large runed translucent door.
 10199 | D:9      | Found a large runed translucent door.
 10202 | D:9      | Noticed baller8008's ghost (novice DECj)
 10216 | D:9      | Killed baller8008's ghost
 10542 | D:9      | Identified the +0 pair of boots "Atunydec" {Harm rF- Str+2
                  | Stlth+}
 10700 | D:9      | Found a basalt altar of Yredelemnul.
 10821 | D:10     | Entered Level 10 of the Dungeon
 10862 | D:10     | Found an iron altar of Okawaru.
 10873 | D:10     | Reached **** piety under Beogh
 11292 | D:10     | Found a shadowy altar of Dithmenos.
 11610 | D:10     | Reached skill level 10 in Armour
 11610 | D:10     | Reached skill level 10 in Shields
 11710 | D:10     | Found a shimmering altar of Xom.
 11818 | D:10     | Found a hide-covered altar of Uskayaw.
 12082 | Lair:1   | Entered Level 1 of the Lair of Beasts
 12538 | Lair:1   | Found a frozen archway.
 12609 | Lair:1   | Reached XP level 12. HP: 91/110 MP: 19/19
 14049 | Lair:2   | Noticed a seven-headed hydra
 14057 | Lair:2   | Killed an eight-headed hydra
 14390 | Lair:2   | Noticed a death yak
 14391 | Lair:2   | Noticed a death yak
 14408 | Lair:2   | Killed a death yak
 14409 | Lair:2   | Killed a death yak
 14441 | Lair:2   | Noticed a death yak
 14452 | Lair:2   | Killed a death yak
 14462 | Lair:2   | Noticed a death yak
 14464 | Lair:2   | Noticed a death yak
 14464 | Lair:2   | Noticed a death yak
 14465 | Lair:2   | Noticed a death yak
 14467 | Lair:2   | Noticed a death yak
 14474 | Lair:2   | Killed a death yak
 14482 | Lair:2   | Killed a death yak
 14485 | Lair:2   | Killed a death yak
 14485 | Lair:2   | Killed a death yak
 14487 | Lair:2   | Killed a death yak
 14488 | Lair:2   | Reached XP level 13. HP: 57/118 MP: 20/22
 14831 | Lair:2   | Found a staircase to the Swamp.
 15027 | Lair:2   | Reached ***** piety under Beogh
 15537 | Lair:2   | Killed Gastronok
 15796 | Lair:2   | You fall into a shaft and drop 2 floors!
 15884 | Lair:4   | Reached skill level 10 in Axes
 16014 | Lair:3   | Noticed Nessos
 16039 | Lair:3   | Your ally Thorok died
 17200 | Lair:3   | Found a staircase to the Snake Pit.
 17305 | Lair:4   | HP: 6/122 [11-headed hydra (5)]
 17305 | Lair:4   | Slain by an 11-headed hydra

Illustrated notes

Levels and vault maps discovered:
D:1:      lemuel_arrival_broad_hall, layout_basic,
          hellmonk_ecumenical_altar_zigzags, serial_bayou_crossing
D:2:      minmay_angry_zag, layout_loops_ring, serial_glass, glass_columns_a,
          glass_columns_a, glass_columns_b, glass_columns_b
D:3:      layout_loops_corners, lemuel_doored_altar, amcnicky_altar_gilded
D:4:      layout_loops_cross, mainiacjoe_overflow_tiny_flanked,
          nicolae_ru_sacrificial_ziggurat, serial_shops, shop,
          kennysheep_little_box, nicolae_shop_hallway_stairs, shop_coins,
          minmay_between
D:5:      layout_gridville, mainiacjoe_overflow_catwalk,
          overflow_temple_1_default, nicolae_gozag_zags_fifth_avenue,
          gammafunk_ghost_gnarly_gnolls
D:6:      layout_loops_ring, nemelex_xobeh_ov_fountains_minmay,
          mainiacjoe_overflow_cross_hatched, nicolae_ashenzari_panopticon,
          nicolae_overflow_hidden_temple, minmay_temple_entry_glassed_door,
          uniq_pikel, uniq_grinder, uniq_edmund
D:7:      layout_rooms, good_gods_temple_1, overflow_temple_1_default,
          mainiacjoe_overflow_24_doors, enter_bailey_3
D:8:      layout_loops_corners, serial_shops, shop_scrolls, glass_columns_a,
          eino_tiny_chamber, minmay_shattered_shrine
D:9:      layout_layer_cave, old_standard_altar, general_overflow_altar,
          due_lair_maze_entry_diamond, ebering_ghost_disaster_area,
          jiyva_altar_1
D:10:     layout_basic, marbit_many_paths, lemuel_coloured_pillars_altar,
          grunt_dithmenos_smoke_and_mirrors, mainiacjoe_overflow_alcove_4
Lair:1:   layout_gridlike, portal_ice_cave_entry_pillars_2
Lair:2:   cheibrodos_lair_river_kwai, layout_misc_corridors,
          palyth_hydra_swamp_entry, serial_forest, infiniplex_forest_lined_2,
          infiniplex_forest_lined_3_way, infiniplex_forest_lined_room_3,
          infiniplex_forest_clump_curved, infiniplex_forest_clump_large,
          infiniplex_forest_clump_C, infiniplex_forest_end_1, st_stairs_11,
          uniq_gastronok
Lair:3:   layout_chaotic_city, guppyfry_snake_entry_island, uniq_nessos,
          uniq_kirke
Lair:4:   layout_roguey, slime_entry_1, grunt_forest_large_clearings

Skill      XL: |  1  2  3  4  5  6  7  8  9 10 11 12 13 |
---------------+----------------------------------------+-----
Axes           | 3 4 5 6 9 10 | 10.7
Fighting       | 4 5 6 7 8 9 11 12 13 | 13.2
Armour         | 4 5 6 7 9 10 11 12 | 12.1
Shields        | 4 5 6 7 9 10 11 12 | 12.2
Invocations    | 2 4 5 7 9 10 12 13 | 13.3
Polearms       | 1 3 4 5 7 |  7.7

Action                     |  1- 3 |  4- 6 |  7- 9 | 10-12 | 13-15 || total
---------------------------+-------+-------+-------+-------+-------++-------
  Melee: War axe           |    52 |   151 |       |   265 |   167 ||   635
         Spear             |       |    74 |   290 |   300 |       ||   664
 Invoke: Convert to Beogh  |       |     1 |       |       |       ||     1
         Recall Orcish Fol |       |       |       |     3 |     8 ||    11
  Evoke: Wand              |       |       |       |     9 |     2 ||    11
    Use: Potion            |       |     6 |     2 |    10 |     5 ||    23
         Scroll            |       |     3 |    10 |    12 |     7 ||    32
   Stab: Invisible         |       |       |       |     4 |       ||     4
         Distracted        |       |       |       |     4 |       ||     4
 Armour: Scale mail        |     2 |       |       |       |       ||     2
         Plate armour      |    27 |   139 |   128 |   361 |   271 ||   926
         Skin              |       |     2 |    63 |       |       ||    65
  Dodge: Dodged            |    27 |    62 |    59 |   202 |   234 ||   584
  Block: Buckler           |     6 |    33 |       |       |       ||    39
         Kite shield       |       |    25 |   140 |   285 |   287 ||   737

Table legend: (Time is in decaauts)
 A = Elapsed time spent in this place.
 B = Non-inter-level travel time spent in this place.
 C = Inter-level travel time spent in this place.
 D = Time resting spent in this place.
 E = Time spent auto-exploring this place.
 F = Levels seen in this place.
 G = Mean time per level.
                   A        B        C        D        E       F      G
               +--------+--------+--------+--------+--------+-----+--------+
         Total |  17441 |  16527 |    914 |   5659 |   7408 |  15 | 1162.7 |
       Dungeon |  11695 |  10836 |    859 |   2415 |   6431 |  10 | 1169.5 |
          Lair |   4853 |   4798 |     55 |   2581 |    977 |   4 | 1213.2 |
        Bailey |    892 |    892 |      0 |    663 |      0 |   1 |  892.0 |
               +--------+--------+--------+--------+--------+-----+--------+

Top non-repeatable levels by time:
  Lair:2: 2949 daAuts
     D:9: 1881 daAuts
     D:8: 1678 daAuts
  Lair:1: 1470 daAuts
     D:5: 1274 daAuts
     D:6: 1232 daAuts
    D:10: 1207 daAuts
     D:3: 1137 daAuts
     D:4: 961 daAuts
     D:1: 940 daAuts
  Bailey: 892 daAuts
     D:7: 715 daAuts
     D:2: 667 daAuts
  Lair:3: 253 daAuts
  Lair:4: 180 daAuts
